Description

This is FoxeR's 1/1/1 Widow Mine Drop into Timing Attack against Protoss (06/02/2026).

This build order pressures your opponent with a Widow Mine drop while at the same time preparing an army for a Timing Attack while expanding to your 3rd CC. The attack should start before the 7:00 minute mark.

Build Order

Get SALT Encoding   

  14  0:17  Supply Depot  Built it at your ramp with you first SCV produced
  16  0:40  Barracks  Build 3 Reapers into Reactor, scout with them
  16  0:42  Refinery  Saturate it right away
  17  0:52  Refinery  Saturate it right away
  19  1:27  Reaper x3, Orbital Command  After finish continuously build SCVs and drop MULEs
  20  1:28  Supply Depot  Finish your wall
  20  1:39  Factory  After finish build 2 Hellions and 2 Widow Mines
  23  2:15  Command Center  Upgrade it to an Orbital Command
  24  2:26  Hellion x2  Send them to your Scouting Party
  28  2:33  Supply Depot  
  31  2:51  Starport  Build a Medivac right away
  32  3:06  Barracks Reactor  Start Marine production
  32  3:10  Widow Mine x2  
  37  3:26  Barracks  
  39  3:32  Medivac  Load the 2 Widow Mines and drop them into the opponent's mineral line
  42  3:41  Barracks  
  44  3:50  Orbital Command  After finish continuously build SCVs and drop MULEs
  45  3:56  Factory Tech Lab  Swap with Barracks
  45  4:03  Starport Tech Lab  Swap with Barracks
  48  4:11  Supply Depot  
  54  4:31  Stimpack  
  55  4:35  Supply Depot  
  57  4:42  Combat Shield  
  60  4:53  Factory Reactor, Starport Reactor  Build Widow Mines, Build Medivacs
  61  4:58  Supply Depot  
  61  4:59  Engineering Bay  Research +1 Weapons
  64  5:08  Refinery  Saturate it right away
  68  5:16  Supply Depot x2  
  71  5:26  Refinery  Saturate it right away
  72  5:32  Medivac x2, Marauder x2  Start Marauder production
  79  5:36  Terran Infantry Weapons Level 1  After finish start +1 Armor
  79  5:37  Supply Depot  
  81  5:43  Widow Mine x2  
  87  5:49  Supply Depot x2  
  99  6:11  Concussive Shells  
  106  6:29  Command Center  Upgrade it to an Orbital Command
  106  6:36  Barracks x2  
Spawning Tool Build Advisor. Get it on Overwolf

Analysis

Get Double Gas and saturate them right away.

Take 1 SCV from Gas and build a Factory at 100 Vespene Gas, take another SCV from Gas and send it to Mineral Mine.

After starting to build the first expansion, pull SCVs to Gas again.

Your Scouting Party should consist of 3 Reapers and 2 Hellions.

At the 4:00 you should have 2 Widow Mines with 1 Medivac, drop them into your opponent's mineral line. At 4:30 you should reach the opponent's mineral line and drop the widow mines. Hopefully your Medivac survives with at least one Widow Mine.

Between 6:00-6:30 start moving out with your army and attack your opponent while expanding. Attack your opponent in the front and drop widow mines in the back at the same time.

Go to:

Details

  • Created by: toxicSAM
  • Published on: Feb 07, 2026
  • Modified on: Feb 07, 2026
  • Patch: 5.0.11
  • Difficulty: Medium
Show
View Real Time Build Order
Export as new Build Order

Comments (0)

There are no comments. Be the first!

Create an account to comment!